Map: Pylon LE

Players

ManlyManMeat

  • Race: Zerg Zerg
  • League: Diamond
  • Spawn Location: 5:00

DrZORG - Winner!

  • Race: Protoss Protoss
  • League: Diamond
  • Spawn Location: 11:00

VOD

Have the link to the VOD?

Description

Time

  • Played on: July 13, 2025, 5:12 p.m.
  • Length: 14:40
Show
View Real Time Build Order
Export as new Build Order

ManlyManMeat Zerg 

Build Orders: Hatch First 

Get SALT Encoding   

  12  0:00  Drone  
  13  0:07  Drone  
  14  0:16  Drone, Extractor  
  15  0:21  Overlord  
  16  0:42  Drone  
  16  0:47  Hatchery  
  15  0:51  Drone  
  15  0:55  Drone  
  17  1:13  Drone  
  18  1:23  Extractor  
  17  1:29  Spawning Pool  
  17  1:54  Hatchery  
  17  2:01  Drone x3  
  18  2:15  Queen  
  18  2:22  Drone  
  21  2:25  Drone  
  22  2:34  Roach Warren  
  21  2:40  Drone  
  22  3:05  Overlord  
  22  3:12  Overlord  
  22  3:15  Roach x2  
  26  3:20  Roach  
  26  3:26  Roach  
  32  3:27  Roach  
  32  3:36  Ravager  
  33  3:41  Extractor  
  33  3:44  Ravager  
  33  4:05  Drone x2  
  35  4:10  Ravager  
  36  4:36  Roach  
  38  4:46  Overlord x2  
  38  5:10  Spore Crawler  
  37  5:15  Ravager  
  37  5:16  Spore Crawler  
  37  5:19  Ravager  
  36  5:44  Roach x3  
  36  5:45  Queen  
  44  6:01  Spine Crawler  
  44  6:02  Spine Crawler, Spore Crawler  
  41  6:26  Roach x5  
  41  6:27  Ravager x3  
  41  6:28  Overlord  
  54  6:39  Spore Crawler  
  53  6:40  Spore Crawler  
  52  6:53  Spine Crawler  
  51  7:04  Queen  
  45  7:32  Spine Crawler  
  45  7:36  Roach x5  
  52  7:40  Queen  
  54  7:53  Drone  
  50  8:20  Queen  
  50  8:21  Drone  
  53  8:38  Drone  
  52  9:03  Spawning Pool  
  48  9:26  Roach x3  
  47  10:07  Queen  
  47  10:08  Drone  
  47  10:09  Drone  
  51  10:19  Spine Crawler  
  48  10:27  Ravager x2  
  50  10:52  Drone x3  
  50  10:53  Spine Crawler  
  52  11:03  Spine Crawler  
  52  11:20  Spine Crawler  
  52  11:21  Drone  
  52  11:22  Drone  
  53  11:31  Spine Crawler  
  50  11:55  Spine Crawler  
  50  11:57  Queen  
  46  12:23  Drone  
  47  12:30  Ravager  
  47  12:33  Queen  
  42  12:46  Roach  
  42  12:47  Roach x2  
  42  13:20  Spore Crawler  
  42  13:22  Spine Crawler  
  42  13:23  Spore Crawler  
  39  13:40  Roach x3  
  38  13:47  Queen  
  37  14:02  Ravager x2  
  38  14:04  Roach  
Show
View Real Time Build Order
Export as new Build Order

DrZORG Protoss - Winner!

Build Orders:  

Get SALT Encoding   

  12  0:00  Probe  
  13  0:17  Probe  
  14  0:21  Pylon  
  14  0:25  Probe  
  15  0:37  Probe  
  15  0:40  Forge  
  17  0:50  Probe  
  17  0:55  Pylon  
  17  1:02  Probe  
  18  1:14  Pylon  
  18  1:27  Photon Cannon  
  18  1:28  Pylon, Gateway  
  18  1:36  Probe  
  19  1:47  Photon Cannon  
  19  1:48  Probe  
  20  2:10  Photon Cannon, Probe  
  20  2:11  Gateway, Assimilator  
  21  2:17  Photon Cannon  
  21  2:24  Zealot  
  23  2:32  Probe  
  24  2:39  Assimilator  
  24  2:41  Pylon  
  24  2:54  Cybernetics Core  
  24  2:56  Probe  
  25  3:02  Photon Cannon  
  25  3:15  Photon Cannon  
  25  3:21  Warp Gate  
  25  3:25  Probe  
  26  3:37  Probe  
  27  3:42  Stargate  
  27  3:49  Stalker, Probe  
  30  3:57  Shield Battery  
  30  4:03  Shield Battery  
  30  4:16  Stalker  
  30  4:23  Shield Battery  
  32  4:25  Void Ray  
  36  4:45  Pylon  
  40  5:08  Void Ray  
  40  5:09  Nexus  
  40  5:36  Stalker x2  
  48  5:58  Probe  
  48  6:01  Void Ray  
  49  6:04  Stalker  
  49  6:05  Stalker  
  49  6:10  Probe  
  54  6:22  Probe  
  55  6:31  Shield Battery  
  55  6:33  Pylon  
  55  6:42  Stalker x2  
  59  7:18  Stalker x2  
  63  7:23  Shield Battery  
  67  7:31  Void Ray  
  67  7:45  Shield Battery  
  67  7:47  Shield Battery  
  67  8:24  Probe  
  68  8:30  Shield Battery  
  68  8:36  Probe  
  69  8:48  Probe  
  68  9:07  Void Ray  
  58  9:10  Stalker  
  60  9:33  Gateway  
  60  9:35  Gateway  
  60  9:36  Gateway  
  64  9:50  Void Ray  
  64  10:09  Stalker x2  
  68  10:30  Pylon  
  68  10:41  Pylon  
  68  10:46  Pylon x2, Assimilator x2  
  72  10:53  Void Ray  
  72  10:55  Shield Battery  
  72  10:56  Photon Cannon  
  72  10:57  Photon Cannon  
  72  10:59  Shield Battery  
  72  11:00  Pylon  
  70  11:51  Stalker x4  
  70  11:52  Stalker  
  84  12:31  Void Ray  
  78  12:56  Stalker x3  
  78  12:57  Stalker x2  
  78  14:01  Stalker x3  
  78  14:02  Stalker x2  
  88  14:37  Stalker x3  
  88  14:38  Stalker x2  
Tags
 
Matchup
PvZ
Spawn Locations
Cross Positions
Add a new tag
Caveats
  • Supply blocks, unpowered buildings, or Contaminate may cause inaccurate times.
  • Supply counts are checked every 10 seconds.